 Dungeon Crawl Stone Soup version 0.28-a0-1147-gc7b72d3202 (webtiles) character file.

Game seed: 17298605784951868682

319 Fortus the Chopper (level 6, -1/44 HPs)
             Began as a Demonspawn Gladiator on Dec 14, 2021.
             Succumbed to a scorpion's poison
             ... on level 4 of the Dungeon.
             The game lasted 00:06:25 (3316 turns).

Fortus the Chopper (Demonspawn Gladiator)           Turns: 3316, Time: 00:06:25

Health: -1/44      AC:  7    Str: 16    XL:     6   Next: 21%
Magic:  6/6        EV: 11    Int:  9    God:
Gold:   135        SH:  0    Dex: 15    Spells: 5/5 levels left

rFire   . . .      SeeInvis .   a - +0 war axe
rCold   . . .      Faith    .   (no shield)
rNeg    . . .      Spirit   .   m - +0 ring mail
rPois   .          Reflect  .   c - +0 helmet
rElec   .          Harm     .   p - +0 cloak
rCorr   .          Rampage  .   (no gloves)
Will    .....                   (no boots)
Stlth   +.........              (no amulet)
HPRegen 0.14/turn               (no ring)
MPRegen 0.10/turn               (no ring)

@: mighty, lethally poisoned (-1 -> -21)
A: ignite blood 2
a: no special abilities


You were on level 4 of the Dungeon.
You visited 1 branch of the dungeon, and saw 4 of its levels.

You collected 135 gold pieces.

Inventory:

Hand Weapons
 a - a +0 war axe (weapon)
Missiles
 d - 3 throwing nets (quivered)
Armour
 b - a +0 leather armour
 c - a +0 helmet (worn)
 m - a +0 ring mail (worn)
 p - a +0 cloak (worn)
Jewellery
 k - an amulet of regeneration
 n - an amulet of reflection
Scrolls
 e - a scroll of enchant armour {unknown}
 h - 2 scrolls of identify {unknown}
 j - a scroll of enchant weapon {unknown}
 l - a scroll of teleportation {unknown}
 o - a scroll of immolation {unknown}
Potions
 f - a potion of degeneration {unknown}
 g - a potion of mutation {unknown}
 i - a potion of might


   Skills:
 - Level 2.0 Fighting
 * Level 6.4 Axes
 - Level 1.7 Throwing
 - Level 2.6 Dodging


You had 5 spell levels left.
You didn't know any spells.
Your spell library contained the following spells:

 Spells                   Type           Power      Damage    Failure   Level
 Beastly Appendage        Tmut           0%         N/A       61%         1
 Wereblood                Tmut           0%         N/A       75%         2
 Spider Form              Tmut/Pois      0%         N/A       93%         3


Dungeon Overview and Level Annotations

Branches:
Dungeon (4/15)
 Temple: D:4-7

Altars:

Shops:
D:2 [


Innate Abilities, Weirdness & Mutations

Your demonic aura often causes spilled blood to erupt in flames.


Message History

The scorpion stings you but does no damage.
You hit the scorpion but do no damage.
The scorpion is heavily wounded.
You closely miss the river rat.
You feel sick.
The scorpion stings you but does no damage.
The scorpion stings you. The river rat barely misses you.
You feel sick.
There is a stone staircase leading up here.
You closely miss the scorpion.
The scorpion is heavily wounded.
You feel sick. The scorpion closely misses you. The scorpion stings you.
You are more poisoned.
The scorpion poisons you!
You closely miss the scorpion.
The scorpion is heavily wounded.
You feel very sick.
The scorpion stings you but does no damage.
You completely miss the scorpion.
The scorpion is heavily wounded.
You feel very sick. The scorpion stings you.
You are more poisoned.
The scorpion poisons you!
You hit the scorpion but do no damage.
The scorpion is heavily wounded.
You feel very sick. The scorpion stings you!
* * * LOW HITPOINT WARNING * * *
The scorpion misses you.
It was a potion of might.
You feel very mighty all of a sudden.
* * * LOW HITPOINT WARNING * * *
You feel very sick. The scorpion stings you.
* * * LOW HITPOINT WARNING * * *
You are more poisoned.
The scorpion poisons you!
You barely miss the scorpion.
The scorpion is heavily wounded.
You die...

≈ ## ≈.≈ ##.
≈≈≈.#..
≈....rr#####
#rs@..#
≈....rr###.#
....#.. ..
... #.# ## .
#. .. ##


You could see a scorpion, 2 river rats and 3 rats.

Vanquished Creatures
  Sigmund (D:2)
  Natasha (twice) (D:2)
  4 adders
  A worm (D:2)
  2 dart slugs (D:2)
  5 orcs (D:3)
  6 ball pythons
  6 endoplasms
  3 goblins
  8 hobgoblins
  4 jackals (D:2)
  2 quokkas (D:2)
  4 bats
  2 frilled lizards
  7 kobolds
  6 rats
63 creatures vanquished.

Notes
Turn   | Place    | Note
-------+----------+-------------------------------------------
     0 | D:1      | Fortus the Demonspawn Gladiator began the quest for the
                  | Orb.
     0 | D:1      | Reached XP level 1. HP: 16/16 MP: 1/1
   166 | D:1      | Reached skill level 3 in Axes
   354 | D:1      | Gained mutation: Your demonic aura sometimes causes spilled
                  | blood to erupt in flames. [demonic ancestry]
   354 | D:1      | Reached XP level 2. HP: 20/22 MP: 2/2
   739 | D:2      | Noticed Sigmund
   827 | D:2      | Reached XP level 3. HP: 23/27 MP: 3/3
  1159 | D:2      | Reached skill level 4 in Axes
  1506 | D:2      | Killed Sigmund
  1507 | D:2      | Reached skill level 5 in Axes
  1507 | D:2      | Gained mutation: Your demonic aura often causes spilled
                  | blood to erupt in flames. [demonic ancestry]
  1507 | D:2      | Reached XP level 4. HP: 27/33 MP: 4/4
  1507 | D:2      | Reached XP level 5. HP: 31/38 MP: 5/5
  1598 | D:2      | Noticed Natasha
  1606 | D:2      | Killed Natasha
  1607 | D:2      | Reached skill level 6 in Axes
  1785 | D:2      | Noticed Natasha
  1791 | D:2      | Killed Natasha
  1792 | D:2      | Reached XP level 6. HP: 44/44 MP: 6/6
  1799 | D:2      | Found Icurr's Antique Armour Emporium.
  2492 | D:3      | Found a faded altar of an unknown god.
  3316 | D:4      | Succumbed to a scorpion's poison

Illustrated notes

Levels and vault maps discovered:
D:1:      dpeg_arrival_simpleton_a, layout_rooms
D:2:      layout_loops_ring, serial_shops, nicolae_shop_hallway_stairs,
          uniq_natasha, uniq_sigmund
D:3:      layout_loops_corners, ebering_ecumenical_altar_petrified
D:4:      minmay_wonky_spiral, layout_loops_corners, portal_sewer_entry_e,
          ebering_ghost_reflecting_pool, uniq_pikel

Skill      XL: |  1  2  3  4  5 |
---------------+----------------+-----
Axes           | 3 5 6 |  6.4
Fighting       | |  2.0
Throwing       | |  1.7
Dodging        | |  2.6

Action                   |  1- 3 |  4- 6 || total
-------------------------+-------+-------++-------
Melee: War axe           |    82 |    95 ||   177
  Use: Potion            |       |     1 ||     1
Armor: Leather armour    |    18 |    13 ||    31
       Ring mail         |       |    14 ||    14
Dodge: Dodged            |    56 |    60 ||   116

Table legend: (Time is in decaauts)
 A = Elapsed time spent in this place.
 B = Non-inter-level travel time spent in this place.
 C = Inter-level travel time spent in this place.
 D = Time resting spent in this place.
 E = Time spent auto-exploring this place.
 F = Levels seen in this place.
 G = Mean time per level.
                   A        B        C        D        E       F      G
               +--------+--------+--------+--------+--------+-----+--------+
         Total |   3362 |   3162 |    200 |    133 |   2519 |   4 |  840.5 |
       Dungeon |   3362 |   3162 |    200 |    133 |   2519 |   4 |  840.5 |
               +--------+--------+--------+--------+--------+-----+--------+

Top non-repeatable levels by time:
     D:2: 1276 daAuts
     D:3: 1164 daAuts
     D:1: 904 daAuts
     D:4: 16 daAuts
